 Dungeon Crawl Stone Soup version 0.28-a0-1190-g77e1c55843 (webtiles) character file.

Game seed: 2471611532813641835

3831 Gargoyl the Fighter (level 10, -19/81 HPs)
             Began as a Gnoll Abyssal Knight on Dec 18, 2021.
             Was a Priest of Lugonu.
             Demolished by Gastronok (28 damage)
             ... on level 8 of the Dungeon.
             The game lasted 00:09:04 (8131 turns).

Gargoyl the Fighter (Gnoll Abyssal Knight)          Turns: 8131, Time: 00:09:05

Health: -19/81     AC: 21    Str: 16    XL:     10   Next: 18%
Magic:  3/17       EV: 13    Int: 10    God:    Lugonu [***...]
Gold:   486        SH:  0    Dex: 13    Spells: 19/19 levels left

rFire   . . .      SeeInvis .   a - +1 hand axe (vamp)
rCold   . . .      Faith    .   (no shield)
rNeg    . . .      Spirit   .   n - +0 chain mail
rPois   .          Reflect  .   (no helmet)
rElec   .          Harm     .   q - +0 cloak
rCorr   .          Rampage  .   p - +2 pair of gloves
Will    .....      Rnd*Tele +   c - +1 pair of boots
Stlth   ..........              (no amulet)
HPRegen 0.23/turn               f - +4 ring of protection
MPRegen 0.15/turn               l - +4 ring of evasion

@: invisible
A: fangs 1, strong nose, distributed training, screaming 1, teleportitis 1
a: Renounce Religion, Depart the Abyss, Bend Space, Banish


You were on level 8 of the Dungeon.
You worshipped Lugonu.
Lugonu was most pleased with you.
You visited 1 branch of the dungeon, and saw 8 of its levels.
You visited the Abyss 1 time.

You collected 486 gold pieces.

Inventory:

Hand Weapons
 a - a +1 vampiric hand axe (weapon)
 k - a +2 hand axe
Armour
 c - a +1 pair of boots (worn)
 n - a +0 chain mail (worn)
 p - a +2 pair of gloves (worn)
 q - a +0 cloak (worn)
Jewellery
 f - a +4 ring of protection (left hand)
 l - a +4 ring of evasion (right hand)
Wands
 e - a wand of iceblast (6)
Scrolls
 b - a scroll of silence
 g - 2 scrolls of fog
 h - a scroll of summoning
 j - 3 scrolls of teleportation
 m - 2 scrolls of identify
 o - a scroll of blinking
Potions
 d - a potion of invisibility
 i - a potion of curing


   Skills:
 + Level 8.3 Fighting
 + Level 5.0 Short Blades
 + Level 5.0 Long Blades
 + Level 6.9 Axes
 + Level 5.0 Maces & Flails
 + Level 5.0 Polearms
 + Level 5.0 Staves
 + Level 5.0 Slings
 + Level 5.0 Bows
 + Level 5.0 Crossbows
 + Level 5.0 Throwing
 + Level 6.9 Armour
 + Level 5.7 Dodging
 + Level 5.0 Stealth
 + Level 5.0 Shields
 + Level 5.0 Unarmed Combat
 + Level 5.0 Spellcasting
 + Level 4.1 Conjurations
 + Level 4.1 Hexes
 + Level 4.1 Summonings
 + Level 4.1 Necromancy
 + Level 4.1 Translocations
 + Level 4.1 Transmutations
 + Level 4.1 Fire Magic
 + Level 4.1 Ice Magic
 + Level 4.1 Air Magic
 + Level 4.1 Earth Magic
 + Level 4.1 Poison Magic
 + Level 7.2 Invocations
 + Level 5.0 Evocations


You had 19 spell levels left.
You didn't know any spells.
Your spell library contained the following spells:

 Spells                   Type           Power      Damage    Failure   Level
 Slow                     Hex            40%        N/A       50%         1
 Blink                    Tloc           20%        N/A       63%         2
 Ensorcelled Hibernation  Hex/Ice        20%        N/A       63%         2
 Confusing Touch          Hex            10%        N/A       86%         3
 Lesser Beckoning         Tloc           10%        N/A       86%         3
 Spider Form              Tmut/Pois      10%        N/A       86%         3
 Vampiric Draining        Necr           10%        2d6       86%         3
 Manifold Assault         Tloc           10%        N/A       100%        5


Dungeon Overview and Level Annotations

Branches:
Dungeon (8/15)             Temple (0/1) D:7
   Lair: D:8-11

Altars:
Dithmenos
Fedhas
Hepliaklqana
Makhleb
Vehumet
Yredelemnul
The Shining One

Shops:
D:4 (   D:7 (

Annotations:
D:8 Gastronok
Abyss:1 Maggie


Innate Abilities, Weirdness & Mutations

You have very sharp teeth.
Your uncanny sense of smell can sniff out nearby items.
Your experience applies equally to all skills.
You occasionally shout uncontrollably at your foes.
You are occasionally teleported next to monsters.


Message History

Gastronok bites you but does no damage.
A two-headed ogre comes into view.
It is wielding a +0 giant spiked club and a +0 giant club.
The two-headed ogre shouts in stereo!
You hit Gastronok but do no damage.
Gastronok is lightly wounded.
The two-headed ogre shouts in stereo!
You hit Gastronok. You bite Gastronok, but do no damage.
Gastronok is lightly wounded.
The two-headed ogre shouts in stereo!
Gastronok chants a spell, wobbling all the while.
Gastronok puts on a burst of speed!
You hit Gastronok.
You feel better.
Gastronok is lightly wounded.
You slash Gastronok!
Gastronok is moderately wounded.
Gastronok chants a spell, wobbling all the while.
You hit Gastronok.
You feel better.
Gastronok is moderately wounded.
You hit Gastronok but do no damage.
Gastronok is moderately wounded.
You barely miss the rat. Gastronok bites you!!
* * * LOW HITPOINT WARNING * * *
The rat closely misses you.
You hit Gastronok.
You feel better.
Gastronok is moderately wounded.
You hit the two-headed ogre.
You catch the helpless rat completely off-guard!
You hit the rat.
The two-headed ogre hits you but does no damage.
The two-headed ogre closely misses you.
Okay, then.
Okay, then.
You hit Gastronok but do no damage. You bite Gastronok, but do no damage.
Gastronok is moderately wounded.
You closely miss the rat.
You hit the two-headed ogre but do no damage.
You closely miss the rat.
The rat twitches its whiskers.
The rat barely misses you. The rat completely misses you. Gastronok bites you!!
You die...

āˆ† .....
#.#.#.#
#.#.#.###
####.#.#...#
#..$.....#.##P
#.........?...
#.......[PP#.#
#....wr......#
#....r@O.P.$PĀ§
āˆ†
###....#...#P_
#.....P..#
########..#
.#.. āˆ† . .


You could see Gastronok (swift), a two-headed ogre and 2 rats.

Vanquished Creatures
  A hornet (D:7)
  Eustachio (D:5)
  A steam dragon (D:6)
  3 water moccasins
  A sky beast (D:7)
  An ice beast (D:6)
  A black bear (D:5)
  2 ogres
  A centaur (D:7)
  2 necrophages (D:5)
  2 phantoms
  Blork the orc (D:5)
  A bullfrog (D:7)
  9 wights
  A bullfrog zombie (D:5)
  A centaur zombie (D:7)
  2 centaur skeletons (D:7)
  4 hounds
  A gnoll shaman (D:4)
  An orc wizard (D:3)
  5 iguanas (D:5)
  A killer bee zombie (D:5)
  12 gnolls
  5 adders
  2 white imps (D:5)
  3 ufetubi
  A dart slug (D:1)
  13 orcs
  2 bats
  8 endoplasms
  4 giant cockroaches
  3 goblins (D:2)
  5 hobgoblins
  7 jackals (D:1)
  2 ball pythons
  5 frilled lizards
  6 kobolds
  4 rats
125 creatures vanquished.

Vanquished Creatures (collateral kills)
  An endoplasm (D:2)
1 creature vanquished.

Vanquished Creatures (others)
  184 plants
184 creatures vanquished.

Grand Total: 310 creatures vanquished

Notes
Turn   | Place    | Note
-------+----------+-------------------------------------------
     0 | Abyss:1  | Gargoyl the Gnoll Abyssal Knight began the quest for the
                  | Orb.
     0 | Abyss:1  | Reached XP level 1. HP: 23/23 MP: 3/3
   118 | Abyss:2  | Noticed a golden eye
   120 | Abyss:3  | Found a corrupted altar of Lugonu.
   138 | Abyss:3  | Noticed an iron imp
   139 | Abyss:3  | Found a corrupted altar of Lugonu.
   153 | Abyss:4  | Noticed a thrashing horror
   155 | Abyss:4  | Noticed a thrashing horror
   155 | Abyss:4  | Noticed a thrashing horror
   160 | D:1      | Escaped the Abyss
   272 | D:1      | Reached XP level 2. HP: 26/29 MP: 5/5
   435 | D:1      | Reached * piety under Lugonu
   672 | D:1      | Reached XP level 3. HP: 27/35 MP: 6/6
  1241 | D:2      | Found a radiant altar of Vehumet.
  1343 | D:2      | Reached skill level 1 in Short Blades
  1343 | D:2      | Reached skill level 1 in Long Blades
  1343 | D:2      | Reached skill level 1 in Maces & Flails
  1343 | D:2      | Reached skill level 1 in Polearms
  1343 | D:2      | Reached skill level 1 in Staves
  1343 | D:2      | Reached skill level 1 in Slings
  1343 | D:2      | Reached skill level 1 in Bows
  1343 | D:2      | Reached skill level 1 in Crossbows
  1343 | D:2      | Reached skill level 1 in Throwing
  1343 | D:2      | Reached skill level 1 in Stealth
  1343 | D:2      | Reached skill level 1 in Shields
  1343 | D:2      | Reached skill level 1 in Unarmed Combat
  1343 | D:2      | Reached skill level 1 in Spellcasting
  1343 | D:2      | Reached skill level 1 in Evocations
  1343 | D:2      | Reached XP level 4. HP: 20/41 MP: 7/7
  2280 | D:3      | Found a shadowy altar of Dithmenos.
  2347 | D:3      | Reached skill level 1 in Conjurations
  2347 | D:3      | Reached skill level 1 in Hexes
  2347 | D:3      | Reached skill level 1 in Summonings
  2347 | D:3      | Reached skill level 1 in Necromancy
  2347 | D:3      | Reached skill level 1 in Translocations
  2347 | D:3      | Reached skill level 1 in Transmutations
  2347 | D:3      | Reached skill level 1 in Fire Magic
  2347 | D:3      | Reached skill level 1 in Ice Magic
  2347 | D:3      | Reached skill level 1 in Air Magic
  2347 | D:3      | Reached skill level 1 in Earth Magic
  2347 | D:3      | Reached skill level 1 in Poison Magic
  2350 | D:3      | Reached XP level 5. HP: 33/47 MP: 8/8
  2545 | D:3      | Found a basalt altar of Yredelemnul.
  2577 | D:3      | Reached ** piety under Lugonu
  2801 | D:3      | Noticed an ogre
  2807 | D:3      | Killed an ogre
  3101 | D:4      | Reached skill level 5 in Invocations
  3183 | D:4      | Found Cyishrecu's Antique Weapon Shoppe.
  3197 | D:4      | Reached XP level 6. HP: 35/53 MP: 9/9
  3217 | D:4      | Reached skill level 5 in Axes
  3217 | D:4      | Reached skill level 5 in Armour
  3722 | D:5      | Entered Level 5 of the Dungeon
  3961 | D:5      | Noticed a black bear
  3967 | D:5      | Killed a black bear
  3968 | D:5      | Reached XP level 7. HP: 59/59 MP: 10/10
  4014 | D:5      | Reached skill level 7 in Fighting
  4144 | D:5      | Noticed Eustachio
  4228 | D:5      | Noticed Blork the orc
  4231 | D:5      | Killed Eustachio
  4239 | D:5      | Killed Blork the orc
  4240 | D:5      | Reached XP level 8. HP: 28/67 MP: 12/12
  4669 | D:5      | Found a burning altar of Makhleb.
  4791 | D:5      | Reached *** piety under Lugonu
  4914 | D:5      | Found a blossoming altar of Fedhas.
  6182 | D:6      | Reached XP level 9. HP: 50/73 MP: 14/14
  6559 | D:6      | Noticed a boulder beetle
  6570 | D:6      | Banished a boulder beetle
  6571 | D:6      | Reached skill level 8 in Fighting
  6571 | D:6      | Reached skill level 5 in Dodging
  6949 | D:7      | Gained mutation: You have sharp fingernails. [potion of
                  | mutation]
  6949 | D:7      | Gained mutation: Your mind is acute. (Int +2) [potion of
                  | mutation]
  6962 | D:7      | Lost mutation: Your mind is acute. (Int +2) [potion of
                  | mutation]
  6962 | D:7      | Lost mutation: You have sharp fingernails. [potion of
                  | mutation]
  6962 | D:7      | Gained mutation: You occasionally shout uncontrollably at
                  | your foes. [potion of mutation]
  6962 | D:7      | Gained mutation: You are occasionally teleported next to
                  | monsters. [potion of mutation]
  6985 | D:7      | Found a staircase to the Ecumenical Temple.
  7391 | D:7      | Identified the +2 robe of Cuire {rCorr Str+2}
  7535 | D:7      | Found Dubokaf's Antique Weapon Shoppe.
  7717 | D:7      | Found a glowing golden altar of the Shining One.
  7744 | D:7      | Noticed a hornet
  7755 | D:7      | Paralysed by a hornet for 3 turns
  7758 | D:7      | HP: 3/74 [steam dragon (3)]
  7760 | D:7      | Killed a hornet
  7761 | D:7      | Reached XP level 10. HP: 9/80 MP: 17/17
  8078 | D:8      | Noticed Maggie
  8078 | D:8      | Noticed Gastronok
  8078 | D:8      | Found a hazy altar of Hepliaklqana.
  8114 | D:8      | Banished Maggie
  8115 | D:8      | Reached skill level 5 in Short Blades
  8115 | D:8      | Reached skill level 5 in Long Blades
  8115 | D:8      | Reached skill level 5 in Maces & Flails
  8115 | D:8      | Reached skill level 5 in Polearms
  8115 | D:8      | Reached skill level 5 in Staves
  8115 | D:8      | Reached skill level 5 in Slings
  8115 | D:8      | Reached skill level 5 in Bows
  8115 | D:8      | Reached skill level 5 in Crossbows
  8115 | D:8      | Reached skill level 5 in Throwing
  8115 | D:8      | Reached skill level 5 in Stealth
  8115 | D:8      | Reached skill level 5 in Shields
  8115 | D:8      | Reached skill level 5 in Unarmed Combat
  8115 | D:8      | Reached skill level 5 in Spellcasting
  8115 | D:8      | Reached skill level 5 in Evocations
  8123 | D:8      | Noticed a two-headed ogre
  8131 | D:8      | Demolished by Gastronok

Illustrated notes

Levels and vault maps discovered:
D:1:      roderic_crop_circles_arrival_large, layout_loops_ring
D:2:      layout_basic, basic_altar
D:3:      layout_loops_ring, nicolae_dithmenos_shadow_blocks,
          mainiacjoe_overflow_tiny_flanked
D:4:      layout_rooms, serial_shops, shop_fountains
D:5:      layout_loops_ring, fedhas_altar_1, kennysheep_mini,
          minmay_strange_pillars, uniq_blork_the_orc, uniq_eustachio
D:6:      layout_loops_cross, nicolae_elevator_lobby_plus
D:7:      layout_cave_pools, nicolae_tso_swordbearing_angel,
          minmay_temple_entry_statues_fountains, serial_shops,
          nicolae_shop_hallway_plus
D:8:      layout_basic, lemuel_doored_altar, nicolae_hepliaklqana_hazy_memory,
          kennysheep_mini_moat, lair_entry_dummy,
          hellmonk_ghost_happy_afterlife, minmay_shop_enchanted_jewellery,
          uniq_maggie, uniq_harold, uniq_gastronok

Skill      XL: |  1  2  3  4  5  6  7  8  9 10 |
---------------+-------------------------------+-----
Short Blades   | 1 2 3 4 5 |  5.0
Long Blades    | 1 2 3 4 5 |  5.0
Maces & Flails | 1 2 3 4 5 |  5.0
Polearms       | 1 2 3 4 5 |  5.0
Staves         | 1 2 3 4 5 |  5.0
Slings         | 1 2 3 4 5 |  5.0
Bows           | 1 2 3 4 5 |  5.0
Crossbows      | 1 2 3 4 5 |  5.0
Throwing       | 1 2 3 4 5 |  5.0
Stealth        | 1 2 3 4 5 |  5.0
Shields        | 1 2 3 4 5 |  5.0
Unarmed Combat | 1 2 3 4 5 |  5.0
Spellcasting   | 1 2 3 4 5 |  5.0
Evocations     | 1 2 3 4 5 |  5.0
Conjurations   | 1 2 3 4 |  4.1
Hexes          | 1 2 3 4 |  4.1
Summonings     | 1 2 3 4 |  4.1
Necromancy     | 1 2 3 4 |  4.1
Translocations | 1 2 3 4 |  4.1
Transmutations | 1 2 3 4 |  4.1
Fire Magic     | 1 2 3 4 |  4.1
Ice Magic      | 1 2 3 4 |  4.1
Air Magic      | 1 2 3 4 |  4.1
Earth Magic    | 1 2 3 4 |  4.1
Poison Magic   | 1 2 3 4 |  4.1
Dodging        | 3 4 5 |  5.7
Invocations    | 5 6 7 |  7.2
Axes           | 5 6 |  6.9
Armour         | 5 6 |  6.9
Fighting       | 7 8 |  8.3

Action                   |  1- 3 |  4- 6 |  7- 9 | 10-12 || total
-------------------------+-------+-------+-------+-------++-------
Melee: Hand axe          |    81 |   197 |   444 |    28 ||   750
       Bite              |    10 |    15 |    48 |     5 ||    78
       Punch             |     1 |       |     7 |     2 ||    10
Invok: Depart the Abyss  |     1 |       |       |       ||     1
       Bend Space        |       |       |     1 |     1 ||     2
       Banish            |       |       |     1 |     5 ||     6
Evoke: Wand              |       |     4 |     1 |       ||     5
  Use: Scroll            |     4 |     7 |     4 |       ||    15
       Potion            |       |       |     3 |     2 ||     5
 Stab: Invisible         |       |       |       |     1 ||     1
Armor: Ring mail         |    52 |   108 |    84 |       ||   244
       Leather armour    |     3 |       |       |       ||     3
       Chain mail        |       |       |   244 |    19 ||   263
Dodge: Dodged            |    68 |   140 |   364 |    32 ||   604

Table legend: (Time is in decaauts)
 A = Elapsed time spent in this place.
 B = Non-inter-level travel time spent in this place.
 C = Inter-level travel time spent in this place.
 D = Time resting spent in this place.
 E = Time spent auto-exploring this place.
 F = Levels seen in this place.
 G = Mean time per level.
                   A        B        C        D        E       F      G
               +--------+--------+--------+--------+--------+-----+--------+
         Total |   8158 |   8028 |    130 |    790 |   5616 |  12 |  679.8 |
       Dungeon |   7999 |   7869 |    130 |    770 |   5565 |   8 |  999.9 |
         Abyss |    159 |    159 |      0 |     20 |     51 |   4 |   39.8 |
               +--------+--------+--------+--------+--------+-----+--------+

Top non-repeatable levels by time:
     D:5: 1977 daAuts
     D:6: 1256 daAuts
     D:7: 1154 daAuts
     D:2: 1074 daAuts
     D:1: 994 daAuts
     D:3: 868 daAuts
     D:4: 640 daAuts
 Abyss:2: 76 daAuts
 Abyss:1: 44 daAuts
     D:8: 33 daAuts
 Abyss:3: 21 daAuts
 Abyss:4: 17 daAuts
